 Dungeon Crawl Stone Soup version 0.23.1-37-gaa34b87 (webtiles) character file.

Game seed: 6003204433425949646

71 dengdeng the Chopper (level 4, 0/61 HPs)
             Began as a Hill Orc Berserker on Mar 22, 2019.
             Was a Believer of Trog.
             Slain by a gnoll
             ... wielding a +0 halberd
              (11 damage)
             ... on level 3 of the Dungeon.
             The game lasted 00:04:44 (1701 turns).

dengdeng the Chopper (Hill Orc Berserker)           Turns: 1701, Time: 00:04:45

Health: 0/61       AC:  5    Str: 25    XL:     4   Next: 24%
Magic:  4/4        EV: 11    Int:  7    God:    Trog [**....]
Gold:   122        SH:  0    Dex: 10    Spells: 3/3 levels left

rFire    . . .     SeeInvis .   a - +0 hand axe
rCold    . . .     Gourm    .   (no shield)
rNeg     . . .     Faith    .   d - +0 ring mail
rPois    .         Spirit   .   (no helmet)
rElec    .         Reflect  .   (no cloak)
rCorr    .         Harm     .   (no gloves)
MR       .....                  (no boots)
Stlth    ..........             (no amulet)
HPRegen  0.20/turn              (no ring)
MPRegen  0.09/turn              (no ring)

@: berserking, very quick
A: no striking features
a: Berserk, Trog's Hand, Renounce Religion


You were on level 3 of the Dungeon.
You worshipped Trog.
Trog was pleased with you.
You were hungry.

You visited 1 branch of the dungeon, and saw 3 of its levels.

You collected 122 gold pieces.

Inventory:

Hand Weapons
 a - a +0 hand axe (weapon)
Missiles
 h - 65 stones (quivered)
 r - 8 silver javelins
Armour
 d - a +0 ring mail (worn)
Jewellery
 o - an uncursed ring of positive energy {unknown}
Scrolls
 b - a scroll of fear {unknown}
 e - 3 scrolls of remove curse {unknown}
 i - 3 scrolls of teleportation {unknown}
 j - 5 scrolls of identify {unknown}
 l - a scroll of immolation {unknown}
 m - a scroll of random uselessness {unknown}
 n - a scroll of amnesia {unknown}
 q - a scroll of enchant armour {unknown}
Potions
 g - 2 potions of curing {unknown}
 k - a potion of heal wounds {unknown}
 p - a potion of magic {unknown}
 s - a potion of mutation {unknown}
 t - a potion of brilliance {unknown}
Comestibles
 c - 5 rations
 f - 15 chunks of flesh


   Skills:
 + Level 4.3 Fighting
 + Level 5.3 Axes
 + Level 2.8 Armour
 + Level 1.9 Dodging


You had 3 spell levels left.
You didn't know any spells.
Your spell library was empty.

Dungeon Overview and Level Annotations

Branches:
Dungeon (3/15)

Altars:


Message History

You barely miss the gnoll. The bat misses you.
The bat hits you but does no damage.
The gnoll hits you from afar with a +0 halberd.
The gnoll closely misses you. x2
Unknown command.
You hit the bat.
You kill the bat!
Trog accepts your kill.
You closely miss the gnoll. x2
The gnoll hits you from afar with a +0 halberd.
* * * LOW HITPOINT WARNING * * *
The gnoll hits you.
* * * LOW HITPOINT WARNING * * *
The gnoll barely misses you.
A red film seems to cover your vision as you go berserk!
You feel yourself moving faster!
You feel mighty!
You are feeling hungry.
The gnoll barely misses you.
The gnoll hits you from afar with a +0 halberd!
You die...

#........
#.......#
##.......#
........# ≈ ###
#.......#≈≈ ..#
#........≈≈ #.#
#........≈≈ #.#
##g(g.....≈≈
#.###...@..≈≈.≈≈
#<..#....g....≈.
###...........≈≈
###.>....≈.≈≈≈
...........≈≈
###....>..≈.≈≈
#######≈..≈≈
...≈≈


You could see 3 gnolls.

Vanquished Creatures
  A worm (D:2)
  4 dart slugs
  2 leopard geckos
  A giant cockroach (D:2)
  5 goblins
  5 hobgoblins (D:2)
  11 jackals
  9 kobolds
  A ball python (D:2)
  5 bats
  A frilled lizard (D:1)
  7 rats
52 creatures vanquished.

Notes
Turn   | Place    | Note
-------+----------+-------------------------------------------
     0 | D:1      | dengdeng the Hill Orc Berserker began the quest for the
                  | Orb.
     0 | D:1      | Reached XP level 1. HP: 19/19 MP: 1/1
    89 | D:1      | Reached XP level 2. HP: 27/27 MP: 2/2
   569 | D:1      | Reached XP level 3. HP: 33/33 MP: 3/3
  1027 | D:2      | Reached ** piety under Trog
  1094 | D:2      | Reached skill level 5 in Axes
  1470 | D:2      | Reached XP level 4. HP: 40/40 MP: 4/4
  1701 | D:3      | Slain by a gnoll

Skill      XL: |  1  2  3 |
---------------+----------+-----
Fighting       | 4 |  4.3
Axes           | 5 |  5.3
Armour         | |  2.8
Dodging        | |  1.9

Action                   |  1- 3 |  4- 6 || total
-------------------------+-------+-------++-------
Melee: Hand axe          |   137 |    32 ||   169
Invok: Berserk           |       |     1 ||     1
  Eat: Chunk             |     2 |     1 ||     3
Armor: Ring mail         |    34 |    18 ||    52
Dodge: Dodged            |   109 |    32 ||   141
